[ AOE2 MATCH · #513779295 ]
UnrankedCiv #61 vs Khmer
Player's team · LOSS
Rival team · WIN
[ REPLAY ANALYSIS · EXTRACTED FROM THE RECORDED GAME ]
Feudal
11:25
Castle
25:50
Imperial
—
| APM avg | 69.0 |
| APM peak | 105 |
| eAPM avg | 28.5 |
| Villagers / military | 72 / 45 |
Focus
⚔️ 38.3% · 🌾 61.7%
Skirmisher ×14 · Monk ×11 · Knight ×9 · Militia ×4 · Spearman ×4 · Archer ×2
Feudal
8:53
Castle
23:44
Imperial
—
| APM avg | 93.0 |
| APM peak | 135 |
| eAPM avg | 36.9 |
| Villagers / military | 182 / 90 |
Focus
⚔️ 40.2% · 🌾 59.8%
Knight ×52 · Archer ×21 · Scout Cavalry ×8 · Monk ×5 · Battering Ram ×4
Match map
Initial resources + every placement click. Lines = walls · curves = elevation contours. ◆ gold · ⬟ stone · ● berries · ✦ relic · ◌ wall gap
Your base· Open — unwalled flank
The beast's base· Open — unwalled flank
Smoothed initial terrain · ◌ = detected wall gap · hover for details
Inputs per minute
— Pikaflex - - The beast
Build order — Pikaflex
First 150 of 210 actions detected
| 0:00 | Queue | Villager (Male) |
| 0:01 | Queue | Villager (Male) |
| 0:01 | Queue | Villager (Male) |
| 0:02 | Build | House |
| 0:03 | Build | House |
| 0:09 | Queue | Villager (Male) |
| 1:39 | Queue | Villager (Male) |
| 1:39 | Queue | Villager (Male) |
| 1:47 | Build | Lumber Camp |
| 2:09 | Queue | Villager (Male) |
| 2:09 | Queue | Villager (Male) |
| 2:24 | Queue | Villager (Male) |
| 2:24 | Queue | Villager (Male) |
| 2:51 | Queue | Villager (Male) |
| 3:16 | Queue | Villager (Male) |
| 3:41 | Build | House |
| 3:51 | Queue | Villager (Male) |
| 3:51 | Queue | Villager (Male) |
| 4:05 | Queue | Villager (Male) |
| 4:06 | Queue | Villager (Male) |
| 4:43 | Queue | Villager (Male) |
| 5:10 | Build | Barracks |
| 5:26 | Queue | Villager (Male) |
| 5:33 | Queue | Villager (Male) |
| 5:37 | Build | Palisade Wall |
| 5:57 | Build | House |
| 6:13 | Queue | Villager (Male) |
| 6:14 | Queue | Militia |
| 6:30 | Queue | Militia |
| 6:44 | Queue | Villager (Male) |
| 6:57 | Build | Mill |
| 7:12 | Queue | Militia |
| 7:19 | Queue | Villager (Male) |
| 7:26 | Research | Loom |
| 7:50 | Build | Farm |
| 7:54 | Build | House |
| 8:13 | Queue | Villager (Male) |
| 8:18 | Build | Farm |
| 8:28 | Build | Farm |
| 9:00 | Build | Farm |
| 9:02 | Queue | Villager (Male) |
| 9:15 | Research | Feudal Age |
| 9:15 | Research | Feudal Age |
| 9:27 | Build | Palisade Wall |
| 9:48 | Build | Farm |
| 10:41 | Queue | Villager (Male) |
| 10:57 | Build | Mining Camp |
| 10:58 | Queue | Villager (Male) |
| 11:25 | Age | Feudal Age |
| 11:42 | Build | Archery Range |
| 11:57 | Queue | Villager (Male) |
| 12:00 | Build | House |
| 12:04 | Build | Palisade Wall |
| 12:11 | Queue | Villager (Male) |
| 12:14 | Build | Farm |
| 12:30 | Build | House |
| 12:32 | Queue | Skirmisher |
| 13:12 | Queue | Skirmisher |
| 13:21 | Queue | Villager (Male) |
| 13:25 | Build | Lumber Camp |
| 13:29 | Queue | Villager (Male) |
| 13:44 | Queue | Villager (Male) |
| 13:51 | Queue | Skirmisher |
| 14:32 | Queue | Villager (Male) |
| 14:41 | Build | Blacksmith |
| 14:42 | Queue | Villager (Male) |
| 14:53 | Build | Farm |
| 15:02 | Queue | Skirmisher |
| 15:08 | Build | Farm |
| 15:14 | Queue | Skirmisher |
| 15:23 | Build | Farm |
| 15:30 | Research | Fletching |
| 15:30 | Queue | Villager (Male) |
| 15:36 | Queue | Spearman |
| 15:43 | Queue | Villager (Male) |
| 15:49 | Build | Farm |
| 15:54 | Queue | Skirmisher |
| 16:10 | Research | Padded Archer Armor |
| 16:11 | Queue | Archer |
| 16:13 | Queue | Skirmisher |
| 16:22 | Queue | Villager (Male) |
| 16:25 | Build | Farm |
| 16:28 | Build | Farm |
| 16:28 | Build | Farm |
| 16:28 | Build | Farm |
| 16:33 | Queue | Skirmisher |
| 16:51 | Queue | Villager (Male) |
| 17:14 | Queue | Skirmisher |
| 17:22 | Queue | Villager (Male) |
| 17:23 | Queue | Villager (Male) |
| 17:26 | Build | Farm |
| 17:45 | Queue | Skirmisher |
| 17:48 | Queue | Spearman |
| 17:49 | Queue | Villager (Male) |
| 17:52 | Build | Farm |
| 17:56 | Build | House |
| 18:14 | Build | Farm |
| 18:29 | Queue | Skirmisher |
| 18:33 | Queue | Villager (Male) |
| 18:35 | Build | House |
| 18:42 | Build | Mining Camp |
| 18:45 | Queue | Archer |
| 19:11 | Queue | Spearman |
| 19:27 | Queue | Villager (Male) |
| 19:32 | Build | Farm |
| 19:35 | Build | Farm |
| 19:35 | Build | Farm |
| 19:47 | Build | House |
| 19:48 | Build | House |
| 20:05 | Queue | Villager (Male) |
| 20:23 | Build | Farm |
| 20:30 | Queue | Skirmisher |
| 20:30 | Queue | Skirmisher |
| 20:35 | Queue | Villager (Male) |
| 20:46 | Queue | Villager (Male) |
| 20:55 | Queue | Villager (Male) |
| 21:03 | Build | Farm |
| 21:05 | Build | Farm |
| 21:16 | Queue | Villager (Male) |
| 21:19 | Build | Market |
| 21:24 | Build | House |
| 21:25 | Build | House |
| 22:24 | Build | Palisade Gate |
| 23:11 | Research | Castle Age |
| 23:19 | Build | Palisade Wall |
| 23:30 | Build | Stable |
| 23:33 | Queue | Skirmisher |
| 23:47 | Queue | Militia |
| 23:49 | Queue | Spearman |
| 24:19 | Build | Palisade Gate |
| 25:28 | Build | House |
| 25:34 | Build | House |
| 25:35 | Research | Double-Bit Axe |
| 25:50 | Age | Castle Age |
| 25:58 | Build | Monastery |
| 26:02 | Build | Monastery |
| 26:02 | Queue | Villager (Male) |
| 26:02 | Queue | Villager (Male) |
| 26:09 | Build | House |
| 26:13 | Queue | Villager (Male) |
| 26:23 | Research | Gold Mining |
| 26:28 | Build | Palisade Wall |
| 26:32 | Build | House |
| 26:34 | Build | Palisade Wall |
| 26:45 | Queue | Monk |
| 27:03 | Research | Bodkin Arrow |
| 27:03 | Research | Bodkin Arrow |
| 27:13 | Build | Palisade Gate |
| 27:16 | Build | Palisade Gate |
| 27:17 | Build | House |
Build order — The beast
First 150 of 402 actions detected
| 0:00 | Queue | Villager (Male) |
| 0:01 | Queue | Villager (Male) |
| 0:01 | Queue | Villager (Male) |
| 0:01 | Queue | Villager (Male) |
| 0:01 | Queue | Villager (Male) |
| 0:02 | Build | House |
| 0:03 | Build | House |
| 1:03 | Build | House |
| 1:38 | Queue | Villager (Male) |
| 1:57 | Queue | Villager (Male) |
| 2:23 | Build | Lumber Camp |
| 2:30 | Queue | Villager (Male) |
| 2:30 | Queue | Villager (Male) |
| 2:30 | Queue | Villager (Male) |
| 2:45 | Queue | Villager (Male) |
| 2:45 | Queue | Villager (Male) |
| 3:23 | Queue | Villager (Male) |
| 3:23 | Queue | Villager (Male) |
| 3:24 | Queue | Villager (Male) |
| 3:37 | Queue | Villager (Male) |
| 3:37 | Queue | Villager (Male) |
| 3:52 | Queue | Villager (Male) |
| 3:54 | Build | House |
| 3:57 | Queue | Villager (Male) |
| 3:58 | Queue | Villager (Male) |
| 4:06 | Queue | Villager (Male) |
| 4:19 | Queue | Villager (Male) |
| 4:19 | Queue | Villager (Male) |
| 4:19 | Queue | Villager (Male) |
| 4:43 | Build | House |
| 4:54 | Queue | Villager (Male) |
| 5:00 | Queue | Villager (Male) |
| 5:00 | Queue | Villager (Male) |
| 5:00 | Queue | Villager (Male) |
| 5:24 | Queue | Villager (Male) |
| 5:24 | Queue | Villager (Male) |
| 5:40 | Queue | Villager (Male) |
| 5:40 | Queue | Villager (Male) |
| 6:01 | Queue | Villager (Male) |
| 6:01 | Queue | Villager (Male) |
| 6:06 | Build | Mining Camp |
| 6:13 | Queue | Villager (Male) |
| 6:15 | Research | Loom |
| 6:40 | Research | Feudal Age |
| 6:53 | Build | House |
| 6:57 | Build | House |
| 7:00 | Build | House |
| 7:01 | Queue | Villager (Male) |
| 7:13 | Queue | Villager (Male) |
| 7:19 | Build | House |
| 7:30 | Queue | Villager (Male) |
| 8:18 | Queue | Villager (Male) |
| 8:53 | Age | Feudal Age |
| 8:55 | Build | Archery Range |
| 8:59 | Research | Double-Bit Axe |
| 9:07 | Queue | Villager (Male) |
| 9:12 | Build | Blacksmith |
| 9:40 | Queue | Archer |
| 9:40 | Queue | Archer |
| 10:01 | Research | Fletching |
| 10:01 | Research | Fletching |
| 10:16 | Queue | Villager (Male) |
| 10:16 | Queue | Villager (Male) |
| 10:30 | Queue | Archer |
| 10:31 | Queue | Villager (Male) |
| 10:32 | Queue | Villager (Male) |
| 10:45 | Build | House |
| 11:04 | Queue | Villager (Male) |
| 11:07 | Build | Archery Range |
| 11:41 | Build | House |
| 11:49 | Queue | Villager (Male) |
| 11:50 | Build | Farm |
| 11:51 | Build | Farm |
| 11:52 | Queue | Archer |
| 12:17 | Queue | Villager (Male) |
| 12:24 | Queue | Villager (Male) |
| 12:28 | Build | Farm |
| 12:30 | Queue | Archer |
| 12:30 | Queue | Archer |
| 12:36 | Queue | Villager (Male) |
| 12:36 | Queue | Villager (Male) |
| 13:20 | Queue | Villager (Male) |
| 13:27 | Queue | Archer |
| 13:27 | Queue | Archer |
| 13:28 | Build | Farm |
| 13:29 | Build | Farm |
| 13:33 | Queue | Archer |
| 13:33 | Queue | Archer |
| 13:53 | Queue | Villager (Male) |
| 13:57 | Queue | Archer |
| 13:58 | Queue | Archer |
| 14:02 | Queue | Villager (Male) |
| 14:07 | Queue | Villager (Male) |
| 14:29 | Queue | Archer |
| 14:30 | Queue | Villager (Male) |
| 14:33 | Build | Mill |
| 14:37 | Build | Farm |
| 14:38 | Build | Farm |
| 14:47 | Build | Stable |
| 14:47 | Queue | Villager (Male) |
| 14:50 | Queue | Archer |
| 14:50 | Queue | Archer |
| 14:50 | Queue | Archer |
| 14:53 | Build | Farm |
| 15:03 | Queue | Archer |
| 15:07 | Queue | Villager (Male) |
| 15:07 | Queue | Villager (Male) |
| 15:20 | Queue | Archer |
| 15:21 | Queue | Archer |
| 15:25 | Queue | Villager (Male) |
| 15:27 | Build | Farm |
| 15:37 | Queue | Scout Cavalry |
| 15:38 | Queue | Villager (Male) |
| 15:41 | Build | Lumber Camp |
| 15:46 | Queue | Villager (Male) |
| 16:09 | Queue | Archer |
| 16:10 | Queue | Villager (Male) |
| 16:12 | Build | House |
| 16:13 | Build | House |
| 16:16 | Queue | Scout Cavalry |
| 16:25 | Build | House |
| 16:25 | Build | House |
| 16:45 | Queue | Villager (Male) |
| 16:47 | Build | Farm |
| 16:48 | Queue | Archer |
| 16:59 | Queue | Scout Cavalry |
| 17:21 | Queue | Villager (Male) |
| 17:37 | Queue | Villager (Male) |
| 17:43 | Build | Farm |
| 17:46 | Queue | Villager (Male) |
| 17:47 | Build | Farm |
| 17:48 | Build | Farm |
| 17:56 | Build | Farm |
| 18:02 | Research | Scale Barding Armor |
| 18:03 | Research | Scale Barding Armor |
| 18:16 | Build | Farm |
| 18:33 | Queue | Villager (Male) |
| 18:34 | Queue | Villager (Male) |
| 18:43 | Queue | Villager (Male) |
| 18:47 | Build | Market |
| 18:53 | Queue | Villager (Male) |
| 19:24 | Queue | Villager (Male) |
| 19:26 | Build | Farm |
| 19:28 | Queue | Scout Cavalry |
| 19:34 | Queue | Villager (Male) |
| 19:36 | Build | Farm |
| 19:36 | Build | Farm |
| 20:24 | Queue | Scout Cavalry |
| 20:34 | Queue | Scout Cavalry |
| 20:34 | Queue | Scout Cavalry |
Match timeline
| 5:10 | Pikaflex · first_building Barracks |
| 5:37 | Pikaflex · wall_segment Palisade Wall x1 |
| 8:53 | The beast · age_up feudal |
| 8:55 | The beast · first_building Archery Range |
| 9:27 | Pikaflex · wall_segment Palisade Wall x3 |
| 11:25 | Pikaflex · age_up feudal |
| 11:42 | Pikaflex · first_building Archery Range |
| 12:04 | Pikaflex · wall_segment Palisade Wall x1 |
| 14:47 | The beast · first_building Stable |
| 20:55 | The beast · first_market_sell 100 wood |
| 20:57 | The beast · first_market_buy 100 food |
| 23:09 | Pikaflex · first_market_sell 100 wood |
| 23:19 | Pikaflex · wall_segment Palisade Wall x8 |
| 23:30 | Pikaflex · first_building Stable |
| 23:44 | The beast · age_up castle |
| 25:50 | Pikaflex · age_up castle |
| 25:58 | Pikaflex · first_building Monastery |
| 26:28 | Pikaflex · wall_segment Palisade Wall x7 |
| 26:34 | Pikaflex · wall_segment Palisade Wall x3 |
| 31:11 | The beast · first_building Siege Workshop |
| 33:19 | Pikaflex · first_building Siege Workshop |
| 33:41 | The beast · first_building Monastery |
| 36:41 | The beast · first_building Castle |
| 37:58 | Pikaflex · resign |
[ AI ANALYSIS · 1 CREDIT ]
What really happened in this match?
Wolo.gg analyzes every decision: build order, eco, micro, common mistakes by bracket. Personalized analysis on WhatsApp or Discord in 30 seconds.
Civ guide
Civ #61
Perfil
Jugador #288057